 Dungeon Crawl Stone Soup version 0.31-a0-654-gbe3e110b4e (webtiles) character file.

Game seed: 9007719094919903543

4 thirtiethelement the Grave Robber (level 1, -6/13 HPs)
             Began as a Demonspawn Necromancer on Aug 30, 2023.
             Mangled by a kobold
             ... wielding a +0 short sword of electrocution
              (18 damage)
             ... on level 1 of the Dungeon.
             The game lasted 00:00:33 (136 turns).

thirtiethelement the Grave Robber (DsNe)             Turns: 136, Time: 00:00:34

Health: -6/13      AC:  2    Str:  8    XL:     1   Next: 50%
Magic:  3/3        EV: 12    Int: 16    God:
Gold:   10         SH:  0    Dex: 19    Spells: 3/4 levels left

rFire   . . .        e - +0 war axe (heavy)
rCold   . . .        (no shield)
rNeg    . . .        a - +0 robe
rPois   .            (no helmet)
rElec   .            (no cloak)
rCorr   .            (no gloves)
SInv    .            (no boots)
Will    .....        (no amulet)
Stlth   ++           d - +6 ring of dexterity
HPRegen 0.22/turn    (no ring)
MPRegen 0.08/turn

%: no passive effects
@: no status effects
A: no striking features
a: no special abilities


You were on level 1 of the Dungeon.
You visited 1 branch of the dungeon, and saw 1 of its levels.

You collected 10 gold pieces.

Inventory:

Hand Weapons
 e - a +0 heavy war axe (weapon)
Armour
 a - a +0 robe (worn)
Magical Staves
 g - a staff of fire
Jewellery
 d - a +6 ring of dexterity (left hand)
Scrolls
 c - 2 scrolls of identify {unknown}
 h - a scroll of fear {unknown}
Potions
 b - a potion of magic
 f - a potion of cancellation {unknown}


   Skills:
 + Level 1.7 Dodging
 + Level 1.9 Stealth
 + Level 2.0 Spellcasting
 + Level 4.5 Necromancy


You had 3 spell levels left.
You knew the following spells:

 Your Spells              Type           Power      Damage    Failure   Level
a - Necrotise             Necr           64%        1d7       3%          1

Your spell library contained the following spells:

 Spells                   Type           Power      Damage    Failure   Level
 Vampiric Draining        Necr           16%        2d7       10%         3
 Animate Dead             Necr           16%        N/A       32%         4
 Agony                    Necr           16%        N/A       65%         5


Dungeon Overview and Level Annotations

Branches:
Dungeon (1/15)

Altars:


Message History

Aiming: Necrotise (safe; 3% risk of failure)
Press: ? - help, Shift-Dir - straight line, f - quokka
Aim: a quokka (chance to affect: 85%)
The quokka writhes in agony!
You kill the quokka!
The dead are hopping!
You swap places.
A quokka comes into view.
Found 7 gold pieces.
You see here a scroll labelled DUOSIJ PAPE.
You see here a scroll labelled DUOSIJ PAPE.
c - 2 scrolls labelled DUOSIJ PAPE (gained 1)
Your quokka skeleton completely misses the quokka.
The quokka bites your quokka skeleton.
Your quokka skeleton bites the quokka.
Something bites your quokka skeleton.
Your quokka skeleton is destroyed!
Found a scroll labelled ODAIRCH ZUADOBB.
You see here a +0 heavy war axe.
e - a +0 heavy war axe You see here a yellow potion.
f - a yellow potion You see here a staff of fire.
g - a staff of fire
Okay, then.
e - a +0 heavy war axe (weapon)
The helpless endoplasm fails to defend itself.
You slash the endoplasm!
You kill the endoplasm!
h - a scroll labelled ODAIRCH ZUADOBB An endoplasm comes into view.
A kobold comes into view.
It is wielding a +0 short sword of electrocution.
The endoplasm quivers.
The kobold shouts!
The endoplasm freezes you.
You are frozen.
You slash the endoplasm!
You kill the endoplasm!
The kobold hits you but does no damage.
You are electrocuted!!
Ouch! That really hurt!
You die...

#.......#####..#.#
#.......######.#.#
....)r.............#
#...>..##....###...#
.......
####..##...##...
###..#.
####..#........
#..##$
........#.##... #.#
#####.#.#......
#....[@>......
#.....K....###
............#
............#
##..........#
######...### ..#.#
..#..


You could see a kobold.

Vanquished Creatures
  2 endoplasms (D:1)
  A quokka (D:1)
3 creatures vanquished.

Notes
Turn   | Place    | Note
-------+----------+-------------------------------------------
     0 | D:1      | thirtiethelement the Demonspawn Necromancer began the quest
                  | for the Orb.
     0 | D:1      | Reached XP level 1. HP: 13/13 MP: 3/3
   136 | D:1      | Mangled by a kobold

Illustrated notes

Levels and vault maps discovered:
D:1:      dpeg_arrival_radiant, layout_rooms

Action                     || total
---------------------------++-------
  Melee: War axe           ||     2
   Cast: Necrotise         ||     1
   Stab: Sleeping          ||     1
 Armour: Robe              ||     1

Table legend: (Time is in decaauts)
 A = Elapsed time spent in this place.
 B = Non-inter-level travel time spent in this place.
 C = Inter-level travel time spent in this place.
 D = Time resting spent in this place.
 E = Time spent auto-exploring this place.
 F = Levels seen in this place.
 G = Mean time per level.
                   A        B        C        D        E       F      G
               +--------+--------+--------+--------+--------+-----+--------+
         Total |    137 |    137 |      0 |      0 |     77 |   1 |  137.0 |
       Dungeon |    137 |    137 |      0 |      0 |     77 |   1 |  137.0 |
               +--------+--------+--------+--------+--------+-----+--------+

Top non-repeatable levels by time:
     D:1: 137 daAuts
